 Dungeon Crawl Stone Soup version 0.26-a0-1002-g7355149c4d (webtiles) character file.

Game seed: 5423818399187479070

170 ThatOtherGuy53 the Cudgeller (level 5, -7/33 HPs)
             Began as a Gargoyle Monk on Dec 6, 2020.
             Was a Believer of Okawaru.
             Mangled by an ogre
             ... wielding a +0 giant club
              (21 damage)
             ... on level 4 of the Dungeon.
             The game lasted 00:06:54 (3297 turns).

ThatOtherGuy53 the Cudgeller (Gargoyle Monk)        Turns: 3297, Time: 00:06:55

Health: -7/33      AC: 12    Str: 16    XL:     5   Next: 51%
Magic:  5/5        EV:  5    Int: 10    God:    Okawaru [**....]
Gold:   213        SH:  8    Dex: 12    Spells: 4/4 levels left

rFire    . . .     SeeInvis .   a - +3 mace (vorpal)
rCold    . . .     Faith    .   j - +0 kite shield
rNeg     + . .     Spirit   .   s - +0 chain mail
rPois    ∞         Reflect  .   (no helmet)
rElec    +         Harm     .   (no cloak)
rCorr    .         Rampage  .   (no gloves)
Will     .....                  (no boots)
Stlth    ..........             e - amulet of regeneration
HPRegen  0.51/turn              (no ring)
MPRegen  0.09/turn              (no ring)

@: no status effects
A: negative energy resistance 1, electricity resistance, unbreathing,
petrification resistance, rot immunity, AC +4
a: Heroism, Renounce Religion


You were on level 4 of the Dungeon.
You worshipped Okawaru.
Okawaru was pleased with you.
You visited 2 branches of the dungeon, and saw 5 of its levels.

You collected 213 gold pieces.

Inventory:

Hand Weapons
 a - a +3 vorpal mace (weapon)
   (You found it on level 3 of the Dungeon)
Missiles
 h - 40 poisoned darts (quivered)
Armour
 j - a +0 kite shield (worn)
   (You found it on level 1 of the Dungeon)
 q - a +0 tower shield
   (You found it on level 3 of the Dungeon)
 s - a +0 chain mail (worn)
   (You found it on level 3 of the Dungeon)
Jewellery
 e - an amulet of regeneration (around neck)
   (You found it on level 2 of the Dungeon)
Wands
 d - a wand of iceblast (4)
   (You found it on level 4 of the Dungeon)
 t - a wand of flame (16)
   (You found it on level 2 of the Dungeon)
Scrolls
 f - 2 scrolls of immolation {!r}
 g - a scroll of enchant weapon
 i - 4 scrolls of identify {unknown}
 k - 2 scrolls of blinking {unknown}
 l - a scroll of remove curse {unknown}
 n - a scroll of teleportation {unknown}
 u - a scroll of random uselessness {unknown}
 v - 2 scrolls of magic mapping
 x - 3 scrolls of amnesia {unknown}
 y - a scroll of fear {unknown}
Potions
 b - 2 potions of magic {unknown}
 c - a potion of might {unknown}
 m - 2 potions of berserk rage {unknown}
 p - a potion of heal wounds {unknown}
 r - a potion of curing {unknown}
 w - a potion of lignification {unknown}


   Skills:
 + Level 4.1 Fighting
 * Level 4.5 Maces & Flails
 + Level 2.1 Armour
 - Level 2.4 Dodging
 - Level 2.1 Stealth
 + Level 1.8 Shields
 + Level 0.3 Invocations


You had 4 spell levels left.
You didn't know any spells.
Your spell library was empty.

Dungeon Overview and Level Annotations

Branches:
Dungeon (4/15)             Temple (1/1) D:4

Altars:
Ashenzari
Cheibriados
Dithmenos
Elyvilon
Fedhas
Gozag
Hepliaklqana
Kikubaaqudgha
Makhleb
Nemelex Xobeh
Okawaru
Qazlal
Ru
Sif Muna
Trog
Uskayaw
Vehumet
Wu Jian
Xom
Zin
The Shining One


Innate Abilities, Weirdness & Mutations

You are resistant to torment.
Your stone body is resilient. (AC +4)
You are immune to poison.
You resist negative energy. (rN+)
You are resistant to electric shocks. (rElec)
You can survive without breathing.
You are immune to petrification.
You are immune to rotting.


Message History

You thump the bullfrog zombie!
The bullfrog zombie hits you but does no damage.
You hit the bullfrog zombie.
The bullfrog zombie hits you but does no damage. x2
Your shield and chain mail prevent you from hitting the bullfrog zombie.
You block the bullfrog zombie's attack.
The bullfrog zombie hits you but does no damage.
You hit the bullfrog zombie.
The bullfrog zombie hits you but does no damage. x2
Your shield and chain mail prevent you from hitting the bullfrog zombie.
The bullfrog zombie hits you.
You thump the bullfrog zombie!
You destroy the bullfrog zombie!
Okawaru accepts your kill.
No target in view!
Found a crooked smoking staff.
Found 13 gold pieces.
You now have 213 gold pieces (gained 13).
Found a scroll labelled TOOCEFEREISH.
y - a scroll labelled TOOCEFEREISH
As you read the scroll labelled JEHYMA URISOOR, it crumbles to dust.
It is a scroll of enchant weapon.
Your +2 vorpal mace glows red for a moment.
As you read the scroll labelled NAUD XAKHLOODOCAV, it crumbles to dust.
The air around you briefly surges with heat, but it dissipates.
It was a scroll of immolation.
As you read the scroll labelled LIUP KUERHU, it crumbles to dust.
You hear a loud clanging noise!
It was a scroll of noise.
You hear a shout!
You hear a howl!
You hear an angry hiss.
Drop what? 25/52 slots (_ for help) (? for menu, Esc to quit)
You drop a scroll of noise {!r}.
As you read the scroll labelled RUCKOI NITZE, it crumbles to dust.
You feel aware of your surroundings.
It was a scroll of magic mapping.
An ogre comes into view. It is wielding a +0 giant club.
A quokka skeleton comes into view.
The ogre hits you but does no damage.
Your shield and chain mail prevent you from hitting the ogre.
The ogre hits you with a +0 giant club!
You barely miss the ogre. The ogre hits you but does no damage.
You sock the ogre! The ogre hits you but does no damage.
You barely miss the ogre. The ogre hits you but does no damage.
You hit the ogre. The ogre barely misses you.
You sock the ogre! The ogre hits you with a +0 giant club!
* * * LOW HITPOINT WARNING * * *
You completely miss the ogre. The ogre hits you but does no damage.
You hit the ogre.
The ogre hits you with a +0 giant club!!
Ouch! That really hurt!
You die...

***,,,,,,*
***,,*******,*******,,
,****,**,*
*,,..,,,,,,,,,,,,,,,,,
,* *,**,*
*,,..*******,,********
,* *,**,##*,*#.* *,,* ,*
*,**,,..,*#.* *,.# ,*
*,*****#.##.#######..##*
,* *,*
*,.............,******
,* *,*
*,*#O#...##......,,,,,
,** *,*
*,*#.@........#.#****,
,,***,*
*,*###...####.#.# *,
,,,,,,*
#.#####.#####.#.# **,
,,,,,,*
#......?......#.# **,,
*****,*
#.#####.#####.#.# *,>, *
*,******,***#........#.#
*,,, *
*,,,,,,,,,,............#
*,,, *
***,*,,,**###..###...###
*,*, * *,≈≈≈,* #..#
#.#.### *,*,


You could see an ogre.

Vanquished Creatures
  A bullfrog zombie (D:4)
  5 adders
  2 worms
  4 dart slugs
  2 leopard geckos (D:3)
  4 orcs
  A ball python (D:2)
  7 bats
  5 giant cockroaches
  8 goblins
  8 hobgoblins
  3 jackals (D:2)
  5 frilled lizards
  12 kobolds
  8 rats
75 creatures vanquished.

Vanquished Creatures (others)
  A plant (D:4)
1 creature vanquished.

Grand Total: 76 creatures vanquished

Notes
Turn   | Place    | Note
-------+----------+-------------------------------------------
     0 | D:1      | ThatOtherGuy53 the Gargoyle Monk began the quest for the
                  | Orb.
     0 | D:1      | Reached XP level 1. HP: 14/14 MP: 1/1
   197 | D:1      | Reached XP level 2. HP: 19/19 MP: 2/2
   437 | D:1      | Reached skill level 1 in Armour
   876 | D:1      | Reached XP level 3. HP: 19/23 MP: 3/3
  1593 | D:2      | Found a faded altar of an unknown god.
  1742 | D:2      | Reached XP level 4. HP: 29/29 MP: 4/4
  2117 | D:2      | Reached skill level 1 in Shields
  2525 | D:3      | Reached XP level 5. HP: 33/33 MP: 5/5
  2884 | D:4      | Found a staircase to the Ecumenical Temple.
  2926 | Temple   | Entered the Ecumenical Temple
  3168 | Temple   | Became a worshipper of Warmaster Okawaru
  3168 | Temple   | Reached * piety under Okawaru
  3168 | Temple   | Reached ** piety under Okawaru
  3287 | D:4      | Noticed an ogre
  3297 | D:4      | Mangled by an ogre

Illustrated notes

Levels and vault maps discovered:
D:1:      scummos_arrival_hexagon, layout_basic
D:2:      layout_basic, chequers_ecumenical_altar_twisty, minmay_tetromino_i4
D:3:      layout_rooms
D:4:      layout_loops_ring, minmay_temple_entry_junction_2, serial_bayou,
          serial_bayou_pond_b, serial_bayou_pond_e, serial_bayou_pond_e,
          serial_bayou_pond_d, hangedman_abyss_or_decor_passed
Temple:   nicolae_temple_the_god_donut

Skill      XL: |  1  2  3  4  5 |
---------------+----------------+-----
Armour         | 1 2 |  2.1
Maces & Flails | 4 |  4.5
Shields        | 1 |  1.8
Fighting       | 4 |  4.1
Dodging        | |  2.4
Stealth        | |  2.1
Invocations    | |  0.3

Action                   |  1- 3 |  4- 6 || total
-------------------------+-------+-------++-------
Melee: Mace              |   128 |   164 ||   292
  Use: Scroll            |       |     4 ||     4
 Stab: Sleeping          |     6 |       ||     6
Armor: Robe              |    46 |    16 ||    62
       Leather armour    |       |    30 ||    30
       Chain mail        |       |    51 ||    51
Dodge: Dodged            |    67 |    63 ||   130
Block: Kite shield       |    33 |    73 ||   106

Table legend: (Time is in decaauts)
 A = Elapsed time spent in this place.
 B = Non-inter-level travel time spent in this place.
 C = Inter-level travel time spent in this place.
 D = Time resting spent in this place.
 E = Time spent auto-exploring this place.
 F = Levels seen in this place.
 G = Mean time per level.
                   A        B        C        D        E       F      G
               +--------+--------+--------+--------+--------+-----+--------+
         Total |   3380 |   3220 |    160 |    562 |   1920 |   5 |  676.0 |
       Dungeon |   3126 |   2980 |    146 |    562 |   1683 |   4 |  781.5 |
        Temple |    253 |    239 |     14 |      0 |    237 |   1 |  253.0 |
               +--------+--------+--------+--------+--------+-----+--------+

Top non-repeatable levels by time:
     D:1: 1249 daAuts
     D:2: 1082 daAuts
     D:3: 578 daAuts
  Temple: 253 daAuts
     D:4: 216 daAuts
